 Dungeon Crawl Stone Soup version 0.31-a0-233-g139696dc86 (webtiles) character file.

Game seed: 7602193123249263934

263 qw the Shooter (level 5, -3/45 HPs)
             Began as a Minotaur Hexslinger on July 9, 2023.
             Slain by a black bear (8 damage)
             ... on level 4 of the Dungeon.
             The game lasted 00:01:18 (3599 turns).

qw the Shooter (Minotaur Hexslinger)                Turns: 3599, Time: 00:01:18

Health: -3/45      AC:  8    Str: 12    XL:     5   Next: 97%
Magic:  5/5        EV: 11    Int: 10    God:
Gold:   270        SH:  0    Dex: 15    Spells: 5/6 levels left

rFire   . . .        Y - +2 sling
rCold   . . .        (no shield)
rNeg    . . .        f - +0 ring mail
rPois   .            (helmet restricted)
rElec   .            h - +1 cloak
rCorr   .            c - +0 pair of gloves
SInv    .            (no boots)
Will    .....        (no amulet)
Stlth   +            (no ring)
HPRegen 0.27/turn    (no ring)
MPRegen 0.09/turn

%: no passive effects
@: no status effects
A: horns 2, retaliatory headbutt
a: no special abilities


You were on level 4 of the Dungeon.
You visited 1 branch of the dungeon, and saw 4 of its levels.

You collected 270 gold pieces.


Innate Abilities, Weirdness & Mutations

You have a pair of horns on your head.
You reflexively headbutt those who attack you in melee.


   Skills:
 + Level 3.2 Fighting
 - Level 6.1 Ranged Weapons
 - Level 1.1 Armour
 - Level 2.1 Dodging
 - Level 1.0 Spellcasting
 - Level 2.0 Hexes


You had 5 spell levels left.
You knew the following spells:

 Your Spells              Type           Power      Damage    Failure   Level
a - Slow                  Hex            16%        N/A       34%         1

Your spell library contained the following spells:

 Spells                   Type           Power      Damage    Failure   Level
 Inner Flame              Hex/Fire       2%         N/A       83%         3
 Portal Projectile        Hex/Tloc       4%         N/A       83%         3
 Cause Fear               Hex            2%         N/A       98%         4

Inventory:

Hand Weapons
 Y - a +2 sling (weapon)
Armour
 c - a +0 pair of gloves (worn)
 f - a +0 ring mail (worn)
 h - a +1 cloak (worn)
Scrolls
 a - 2 scrolls of identify
 b - a scroll of noise {unknown}
Potions
 d - a potion of might
 e - a potion of curing

Dungeon Overview and Level Annotations

Branches:
Dungeon (4/15)
 Temple: D:4-7

Altars:
Hepliaklqana
Ru
Xom

Shops:
D:3 (

Annotations:
D:2 exclusion: 2 gnolls


Message History

The black bear is severely wounded.
The black bear closely misses you.
The black bear claws you but does no damage.
The black bear barely misses you.
You shoot a sling bullet. The sling bullet hits the black bear.
The black bear is severely wounded.
The black bear goes berserk!
You shoot a sling bullet.
The sling bullet hits the black bear but does no damage.
The black bear is severely wounded.
The black bear bites you. The black bear closely misses you.
The black bear claws you but does no damage.
The black bear closely misses you. The black bear barely misses you.
The black bear claws you.
You shoot a sling bullet. The sling bullet hits the black bear.
The black bear is almost dead.
The black bear misses you. You furiously retaliate!
You headbutt the black bear. The black bear claws you.
The black bear closely misses you. The black bear barely misses you.
The black bear claws you. The black bear misses you.
You shoot a sling bullet.
The sling bullet closely misses the black bear.
The black bear bites you. The black bear barely misses you.
The black bear claws you. The black bear bites you. The black bear claws you.
The black bear barely misses you.
You shoot a sling bullet.
The sling bullet closely misses the black bear.
The black bear bites you!
The black bear claws you but does no damage. x2
You shoot a sling bullet.
The sling bullet closely misses the black bear.
The black bear bites you.
The black bear claws you but does no damage. x2
The black bear bites you. The black bear misses you. The black bear claws you.
You shoot a sling bullet. The sling bullet hits the black bear.
The black bear is almost dead.
The black bear bites you. The black bear barely misses you.
The black bear claws you but does no damage.
The black bear bites you!
You die...

#....###..#
##.#...#..#
#.......>.#
###.####.##
...# #.#
###.####.#
# #.##...#
#...##)####
##..h@..#
#.#.##.#
#.#.. # #
###


You could see a black bear (berserk).

Vanquished Creatures
  A hound (D:4)
  3 iguanas (D:4)
  An orc wizard (D:3)
  5 gnolls
  2 adders (D:4)
  2 worms
  4 orcs
  5 endoplasms
  A giant cockroach (D:3)
  5 goblins
  5 hobgoblins
  5 quokkas
  7 ball pythons
  4 bats
  A frilled lizard (D:2)
  10 kobolds
  4 rats
65 creatures vanquished.

Notes
Turn   | Place    | Note
-------+----------+-------------------------------------------
     0 | D:1      | qw the Minotaur Hexslinger began the quest for the Orb.
     0 | D:1      | Reached XP level 1. HP: 16/16 MP: 1/1
     0 | D:1      | 0 ||| qw: Version: 0.3-a-51-g015441d
     0 | D:1      | 0 ||| qw: Game counter: 3987
     0 | D:1      | 0 ||| qw: Melee chars always use a shield: true
     0 | D:1      | 0 ||| qw: God list: Okawaru
     0 | D:1      | 0 ||| qw: Allow faded altars: false
     0 | D:1      | 0 ||| qw: Do Orc after clearing Dungeon:15 true
     0 | D:1      | 0 ||| qw: Do second Lair branch before Depths: true
     0 | D:1      | 0 ||| qw: Lair rune preference: random
     0 | D:1      | 0 ||| qw: Goals: Normal
     0 | D:1      | 0 ||| PLANNING D:1-11
   145 | D:1      | Found a faded altar of an unknown god.
   206 | D:1      | Reached skill level 3 in Ranged Weapons
   206 | D:1      | Reached XP level 2. HP: 23/23 MP: 2/2
   577 | D:1      | 577 ||| UPGRADING to +0 leather armour.
   587 | D:1      | 587 ||| DROPPING +0 robe.
   588 | D:1      | 588 ||| UPGRADING to +0 ring mail.
   598 | D:1      | 598 ||| DROPPING +0 leather armour.
   599 | D:1      | 599 ||| UPGRADING to +1 cloak.
   604 | D:1      | 604 ||| READING 2 scrolls labelled TEBAPN XYRIOFO.
   605 | D:1      | 605 ||| READING scroll labelled PUXKIGGAEGH.
   606 | D:1      | 606 ||| READING scroll labelled XIATZA VINIC.
   611 | D:1      | 611 ||| READING scroll labelled PUTRAI GY QOYL.
   612 | D:1      | 612 ||| DROPPING scroll of poison.
   673 | D:2      | 673 ||| FLEEEEING.
   674 | D:2      | 674 ||| FLEEEEING.
   675 | D:2      | 675 ||| FLEEEEING.
   785 | D:2      | Reached XP level 3. HP: 29/29 MP: 3/3
  1050 | D:2      | Identified the +2 mace of the Vestibule of Hell {protect,
                  | +Blink rN++ Will+ Str-3}
  1223 | D:2      | Reached skill level 4 in Ranged Weapons
  1227 | D:2      | Reached skill level 1 in Armour
  1227 | D:2      | 1227 ||| UPGRADING to +0 pair of gloves.
  1229 | D:2      | HP: 6/29 [gnoll/+0 spear (3)]
  1232 | D:2      | 1232 ||| READING 2 scrolls of teleportation.
  1396 | D:2      | Reached XP level 4. HP: 36/36 MP: 4/4
  1938 | D:2      | 1938 ||| READING scroll labelled UMEAPPUUNT.
  1939 | D:2      | 1939 ||| DRINKING 2 bubbling cyan potions.
  1940 | D:2      | 1940 ||| READING 3 scrolls of identify.
  1940 | D:2      | 1940 ||| IDENTIFYING black potion
  2035 | D:3      | Found a hazy altar of Hepliaklqana.
  2297 | D:3      | HP: 4/36 [something/magic dart (8)]
  2298 | D:3      | 2298 ||| READING scroll of teleportation.
  2299 | D:3      | 2299 ||| DRINKING potion of heal wounds.
  2673 | D:3      | Found Fozis's Antique Weapon Emporium.
  2768 | D:3      | Found a shimmering altar of Xom.
  2772 | D:3      | Found a sacrificial altar of Ru.
  2885 | D:3      | 2885 ||| FLEEEEING.
  2886 | D:3      | 2886 ||| FLEEEEING.
  2887 | D:3      | 2887 ||| FLEEEEING.
  2888 | D:3      | 2888 ||| FLEEEEING.
  2889 | D:3      | 2889 ||| FLEEEEING.
  2890 | D:3      | 2890 ||| FLEEEEING.
  2891 | D:3      | 2891 ||| FLEEEEING.
  2892 | D:3      | 2892 ||| FLEEEEING.
  2906 | D:3      | Reached skill level 5 in Ranged Weapons
  2966 | D:3      | 2966 ||| READING scroll labelled UQEUGO SAIGIRR.
  2967 | D:3      | 2967 ||| DRINKING 2 fizzy sapphire potions.
  2968 | D:3      | 2968 ||| READING 2 scrolls of identify.
  2968 | D:3      | 2968 ||| IDENTIFYING red potion
  2969 | D:3      | 2969 ||| DROPPING potion of degeneration.
  3061 | D:4      | Reached XP level 5. HP: 42/42 MP: 5/5
  3167 | D:4      | Reached skill level 3 in Fighting
  3379 | D:4      | Reached skill level 6 in Ranged Weapons
  3587 | D:4      | Noticed a black bear
  3598 | D:4      | HP: 9/45 [black bear (5)]
  3599 | D:4      | Slain by a black bear

Levels and vault maps discovered:
D:1:      wander_arrival_peaceful_grave, layout_basic,
          dreamdust_ecumenical_altar_statues, serial_park_tiny_1
D:2:      layout_basic, serial_curves, eino_curves_04, eino_curves_03,
          eino_curves_02
D:3:      layout_basic, overflow_temple_1_default, lemuel_tele_altar,
          nicolae_hepliaklqana_hazy_memory, serial_shops,
          nicolae_shop_hallway_stairs, serial_corexii_hall,
          chequers_hall_statues_corner_a, chequers_hall_statues_wall_a
D:4:      layout_basic, okawaru_trees_2, nzn_wu_jian_contemplation,
          kennysheep_dice

Skill      XL: |  1  2  3  4  5 |
---------------+----------------+-----
Ranged Weapons | 3 4 5 6 |  6.1
Fighting       | 2 3 |  3.2
Armour         | 1 |  1.1
Dodging        | |  2.1
Spellcasting   | |  1.0
Hexes          | |  2.0

Action                     |  1- 3 |  4- 6 || total
---------------------------+-------+-------++-------
   Fire: Sling             |    73 |   155 ||   228
    Use: Scroll            |     5 |     5 ||    10
         Potion            |       |     3 ||     3
 Armour: Robe              |     1 |       ||     1
         Ring mail         |     5 |    59 ||    64
  Dodge: Dodged            |    15 |    59 ||    74

Table legend:
 A = Non-vault XP
 B = Vault XP
 C = Vault XP percentage of total XP
 D = Non-vault monster count
 E = Vault monster count
 F = Vault count percentage of total count
                 A         B        C        D         E       F
            +---------+---------+-------+---------+---------+-------
      Total |     372 |       4 |   1.1 |      63 |       2 |   3.1
            +---------+---------+-------+---------+---------+-------
        D:1 |      31 |       0 |   0.0 |      12 |       0 |   0.0
        D:2 |      82 |       0 |   0.0 |      17 |       0 |   0.0
        D:3 |      72 |       0 |   0.0 |      19 |       0 |   0.0
        D:4 |     187 |       4 |   2.1 |      15 |       2 |  11.8
            +---------+---------+-------+---------+---------+-------
